 Dungeon Crawl Stone Soup version 0.28.0-1-gb440e238dd (webtiles) character file.

Game seed: 8636181014033212158

38 MirrMurr the Skirmisher (level 3, -3/29 HPs)
             Began as a Demonspawn Berserker on Feb 24, 2022.
             Was a Follower of Trog.
             Killed by divine providence
             ... invoked by an orc priest
              (7 damage)
             ... on level 3 of the Dungeon.
             The game lasted 00:03:03 (1998 turns).

MirrMurr the Skirmisher (Demonspawn Berserker)      Turns: 1998, Time: 00:03:05

Health: -3/29      AC:  3    Str: 19    XL:     3   Next: 25%
Magic:  3/3        EV: 12    Int:  8    God:    Trog [*.....]
Gold:   121        SH:  4    Dex: 12    Spells: 2/2 levels left

rFire   . . .      SeeInvis .   a - +0 trident
rCold   . . .      Faith    .   (no shield)
rNeg    . . .      Spirit   .   b - +1 animal skin
rPois   .          Reflect  .   (no helmet)
rElec   .          Harm     .   (no cloak)
rCorr   .          Rampage  .   (no gloves)
Will    .....                   (no boots)
Stlth   +.........              (no amulet)
HPRegen 0.09/turn               (no ring)
MPRegen 0.08/turn               (no ring)

@: on berserk cooldown, slowed, very slow
A: demonic guardian 1, condensation shield
a: Renounce Religion, Berserk


You were on level 3 of the Dungeon.
You worshipped Trog.
Trog was aware of your devotion.
You visited 1 branch of the dungeon, and saw 3 of its levels.

You collected 121 gold pieces.

Inventory:

Hand Weapons
 a - a +0 trident (weapon)
Missiles
 c - 76 stones (quivered)
Armour
 b - a +1 animal skin (worn)
Scrolls
 f - 2 scrolls of teleportation
 h - a scroll of enchant armour
Potions
 d - a potion of lignification {unknown}
 e - a potion of flight {unknown}
 i - a potion of curing {unknown}


   Skills:
 + Level 3.2 Fighting
 * Level 3.2 Polearms
 + Level 0.5 Throwing
 + Level 2.1 Armour
 + Level 2.1 Dodging


You had 2 spell levels left.
You didn't know any spells.
Your spell library was empty.

Dungeon Overview and Level Annotations

Branches:
Dungeon (3/15)

Altars:

Shops:
D:2 [

Annotations:
D:1 dig


Innate Abilities, Weirdness & Mutations

A weak demonic guardian rushes to your aid.
A meltable shield of frost defends you. (SH +4)


Message History

You feel yourself moving faster!
You feel mighty!
The gnoll hits you from afar with a +0 halberd!
The gnoll closely misses you.
You are too injured to fight recklessly!
You are too injured to fight recklessly!
You are too injured to fight recklessly!
You are too injured to fight recklessly!
You are too injured to fight recklessly!
You feel a strong urge to attack something.
The gnoll barely misses you. The gnoll misses you.
You feel your anger nearly subside.
You are no longer berserk.
You are exhausted.
You feel yourself slow down. The gnoll hits you with a +0 whip.
* * * LOW HITPOINT WARNING * * *
The gnoll closely misses you. The gnoll hits you but does no damage.
You block the gnoll's attack. You block the gnoll's attack.
The gnoll misses you. The gnoll barely misses you.
You block the gnoll's attack.
An orc priest comes into view. It is wielding a +0 war axe.
You block the gnoll's attack. The gnoll closely misses you.
The gnoll hits you with a +0 whip.
* * * LOW HITPOINT WARNING * * *
A demonic guardian appears!
You swap places.
The gnoll barely misses your shadow imp.
Your shadow imp hits the gnoll.
The gnoll hits your shadow imp with a +0 whip.
Your shadow imp hits the gnoll.
The gnoll hits your shadow imp with a +0 whip!
Your shadow imp dies!
Your shadow imp disappears in a puff of smoke!
The orc priest calls down the wrath of Beogh upon you.
Beogh smites you!
You die... ################################# .........ogogg§.@................ ################################# # # # #

You could see an orc priest, 3 gnolls and an orc.

Vanquished Creatures
  An adder (D:2)
  2 endoplasms (D:1)
  2 giant cockroaches
  3 goblins
  4 hobgoblins
  3 jackals (D:1)
  2 ball pythons (D:1)
  A bat (D:3)
  2 kobolds (D:1)
  A rat (D:1)
21 creatures vanquished.

Vanquished Creatures (collateral kills)
  An adder skeleton (D:2)
  A hobgoblin (D:3)
2 creatures vanquished.

Vanquished Creatures (others)
  32 plants (D:3)
32 creatures vanquished.

Grand Total: 55 creatures vanquished

Notes
Turn   | Place    | Note
-------+----------+-------------------------------------------
     0 | D:1      | MirrMurr the Demonspawn Berserker began the quest for the
                  | Orb.
     0 | D:1      | Reached XP level 1. HP: 18/18 MP: 1/1
     2 | D:1      | Noticed a minotaur
     2 | D:1      | Noticed a ghoul
     4 | D:1      | Noticed a demonspawn
     8 | D:1      | Noticed a dwarf
     8 | D:1      | Noticed an ogre
    10 | D:1      | Noticed a draconian
    12 | D:1      | Noticed an octopode
    14 | D:1      | Noticed a felid
    14 | D:1      | Noticed a vine stalker
    16 | D:1      | Noticed a vampire
    16 | D:1      | Noticed a spriggan
    18 | D:1      | Noticed a naga
    18 | D:1      | Noticed a tengu
    20 | D:1      | Noticed a human
    20 | D:1      | Noticed an elf
    22 | D:1      | Noticed a troll
    22 | D:1      | Noticed a gargoyle
    24 | D:1      | Noticed a demigod
    24 | D:1      | Noticed a merfolk
    26 | D:1      | Noticed a formicid
   293 | D:1      | Gained mutation: A weak demonic guardian rushes to your
                  | aid. [demonic ancestry]
   293 | D:1      | Reached XP level 2. HP: 23/24 MP: 2/2
  1161 | D:2      | Gained mutation: A meltable shield of frost defends you.
                  | (SH +4) [demonic ancestry]
  1161 | D:2      | Reached XP level 3. HP: 28/29 MP: 3/3
  1271 | D:2      | Found Beihau's Armour Shop.
  1998 | D:3      | Killed from afar by an orc priest

Illustrated notes

Levels and vault maps discovered:
D:1:      kb_arrival_jail, layout_basic, due_unseen_surprise
D:2:      layout_basic, serial_shops, shop
D:3:      layout_basic, wad_floor_pattern_untrapped, kennysheep_boxes

Skill      XL: |  1  2 |
---------------+-------+-----
Dodging        | 2 |  2.1
Polearms       | 3 |  3.2
Armour         | 2 |  2.1
Fighting       | |  3.2
Throwing       | |  0.5

Action                   || total
-------------------------++-------
Melee: Spear             ||    55
       Punch             ||     1
       Trident           ||    17
Throw: Stone             ||     8
Invok: Berserk           ||     4
  Use: Scroll            ||     5
 Stab: Sleeping          ||     1
Armor: Animal skin       ||    18
Dodge: Dodged            ||    58
Block: Other             ||     8
